 Dungeon Crawl Stone Soup version 0.32-a0-909-gc671339a80 (webtiles) character file.

Game seed: 16250887295338260039

302 gohu the Chopper (level 6, -4/51 HPs)
             Began as a Mountain Dwarf Fighter on Apr 6, 2024.
             Slain by an ogre
             ... wielding a +0 giant club
              (28 damage)
             ... on level 4 of the Dungeon.
             The game lasted 00:04:04 (2633 turns).

gohu the Chopper (Mountain Dwarf Fighter)           Turns: 2633, Time: 00:04:05

Health: -4/51      AC: 10    Str: 21    XL:     6   Next: 14%
Magic:  6/6        EV:  6    Int:  8    God:
Gold:   46         SH:  4    Dex:  9    Spells: 5/5 levels left

rFire   . . .        a - +0 war axe
rCold   . . .        c - +0 buckler
rNeg    . . .        p - +0 chain mail
rPois   .            (no helmet)
rElec   .            (no cloak)
rCorr   .            j - +0 pair of gloves
SInv    .            (no boots)
Will    .....        (no amulet) Stlth
                     (no ring)
HPRegen 0.28/turn    (no ring)
MPRegen 0.10/turn

%: no passive effects
@: no status effects
A: runic magic, artefact enchanting
a: no special abilities


You were on level 4 of the Dungeon.
You visited 1 branch of the dungeon, and saw 5 of its levels.

You collected 178 gold pieces.
You spent 132 gold pieces at shops.

Inventory:

Hand Weapons
 a - a +0 war axe (weapon)
Missiles
 e - 3 boomerangs (quivered)
 i - 6 javelins
 l - a throwing net
Armour
 b - a +0 scale mail
 c - a +0 buckler (worn)
 j - a +0 pair of gloves (worn)
 p - a +0 chain mail (worn)
Scrolls
 f - a scroll of noise {unknown}
 g - 2 scrolls of fog {unknown}
 h - 6 scrolls of identify {unknown}
 k - a scroll of enchant weapon {unknown}
 o - a scroll of brand weapon {unknown}
 r - a scroll of vulnerability {unknown}
 u - a scroll of teleportation {unknown}
 v - a scroll of fear {unknown}
Potions
 d - 2 potions of might
 m - a potion of attraction {unknown}
 n - a potion of cancellation {unknown}
 q - 2 potions of berserk rage {unknown}
 s - 2 potions of curing
 t - a potion of degeneration


   Skills:
 - Level 3.2 Fighting
 * Level 7.9 Axes
 - Level 3.2 Armour
 - Level 3.2 Shields


You had 5 spell levels left.
You didn't know any spells.
Your spell library contained the following spells:

 Spells                   Type           Power      Damage    Failure   Level
 Summon Small Mammal      Summ           0%         N/A       65%         1
 Call Canine Familiar     Summ           0%         N/A       95%         3
 Cause Fear               Hex            0%         N/A       100%        4
 Summon Blazeheart Golem  Fire/Summ      0%         N/A       100%        4
 Fireball                 Conj/Fire      0%         3d3       100%        5
 Dragon's Call            Summ           0%         N/A       100%        9


Dungeon Overview and Level Annotations

Branches:
Dungeon (5/15)
 Temple: D:4-7

Altars:
Hepliaklqana
Sif Muna
Yredelemnul

Shops:
D:3 !


Innate Abilities, Weirdness & Mutations

Your spellcasting is much less encumbered by armour.
You can use scrolls of enchantment on lesser artefacts.


Message History

You hit the kobold.
You kill the kobold!
No target in view!
No target in view!
No target in view!
No target in view!
No target in view!
s - 2 potions of curing (gained 1)
You now have 46 gold pieces (gained 6).
An ogre comes into view. It is wielding a +0 giant club.
The ogre shouts!
Throw: 3 boomerangs
Press: ? - help, Q - select action, (/) - cycle Shift-Dir - straight line, f - ogre
Aim: an ogre, wielding a +0 giant club (69% to hit)
You throw a boomerang.
The boomerang hits the ogre but does no damage.
Throw: 3 boomerangs
Press: ? - help, Q - select action, (/) - cycle Shift-Dir - straight line, f/p - ogre
Aim: an ogre, wielding a +0 giant club (69% to hit)
You throw a boomerang.
The boomerang hits the ogre but does no damage.
Throw: 3 boomerangs
Press: ? - help, Q - select action, (/) - cycle Shift-Dir - straight line, f/p - ogre
Aim: an ogre, wielding a +0 giant club (69% to hit)
You throw a boomerang. The boomerang barely misses the ogre.
An iguana comes into view.
The iguana hisses angrily.
You hit the ogre.
The ogre is lightly wounded.
The ogre hits you with a +0 giant club!!
Ouch! That really hurt!
You are too injured to fight recklessly!
You are too injured to fight recklessly!
You are too injured to fight recklessly!
You are too injured to fight recklessly!
You barely miss the ogre.
The ogre is lightly wounded.
The ogre hits you with a +0 giant club!!
Ouch! That really hurt!
You die...

#...#####.
.####........ #
............#.#
?.......l..
.........
#.....###.# #
#...O......
#.#..@#.##
#........#
#..#.##..# #
#........# ..
##.##.##.#
#.##.##.##.#
...........#
...#.#...######
##..........


You could see an ogre and an iguana.

Vanquished Creatures
  A scorpion (D:5)
  A jelly (D:5)
  A hound (D:5)
  An orc priest (D:2)
  2 sleepcaps (D:5)
  2 adders
  A ribbon worm (D:3)
  A dart slug (D:1)
  9 orcs
  9 endoplasms
  3 giant cockroaches (D:3)
  3 goblins
  9 hobgoblins
  3 quokkas
  6 ball pythons
  7 bats
  3 frilled lizards
  5 kobolds
  7 rats
74 creatures vanquished.

Notes
Turn   | Place    | Note
-------+----------+-------------------------------------------
     0 | D:1      | gohu the Mountain Dwarf Fighter began the quest for the
                  | Orb.
     0 | D:1      | Reached XP level 1. HP: 19/19 MP: 1/1
    75 | D:1      | Reached skill level 3 in Axes
    77 | D:1      | Found a faded altar of an unknown god.
   151 | D:1      | Reached XP level 2. HP: 25/26 MP: 2/2
   385 | D:1      | Reached skill level 4 in Axes
   589 | D:1      | Reached XP level 3. HP: 27/31 MP: 3/3
  1395 | D:2      | Reached skill level 5 in Axes
  1520 | D:2      | Reached XP level 4. HP: 6/38 MP: 4/4
  1746 | D:3      | Reached skill level 6 in Axes
  1891 | D:3      | Found Achaec's Distillery.
  1909 | D:3      | Bought a potion of curing for 36 gold pieces
  1909 | D:3      | Bought a potion of curing for 36 gold pieces
  1909 | D:3      | Bought a potion of might for 48 gold pieces
  1909 | D:3      | Bought a potion of degeneration for 12 gold pieces
  2050 | D:3      | Found a basalt altar of Yredelemnul.
  2050 | D:3      | Found a shimmering blue altar of Sif Muna.
  2051 | D:3      | Found a hazy altar of Hepliaklqana.
  2313 | D:4      | Noticed a black bear
  2326 | D:5      | Entered Level 5 of the Dungeon
  2330 | D:5      | Reached XP level 5. HP: 17/45 MP: 5/5
  2335 | D:5      | HP: 1/45 [hound (5)]
  2342 | D:5      | Reached skill level 7 in Axes
  2533 | D:5      | Reached XP level 6. HP: 38/51 MP: 6/6
  2633 | D:4      | Slain by an ogre

Illustrated notes

Levels and vault maps discovered:
D:1:      pf_arrival_petrified_forest, layout_loops_ring,
          ebering_ecumenical_altar_webs
D:2:      minmay_angry_zag, layout_rooms
D:3:      layout_loops_ring, chequers_temple_overflow_statue_of_worship,
          serial_shops, shop
D:4:      layout_loops_cross, mainiacjoe_overflow_six_doors_small,
          minmay_temple_entry_gardened_gates
D:5:      layout_cave_pools, kennysheep_generic_room_16

Skill      XL: |  1  2  3  4  5 |
---------------+----------------+-----
Axes           | 3 4 5 6 7 |  7.9
Fighting       | |  3.2
Armour         | |  3.2
Shields        | |  3.2

Action                     |  1- 3 |  4- 6 || total
---------------------------+-------+-------++-------
  Melee: War axe           |   177 |    98 ||   275
  Throw: Boomerang         |       |     7 ||     7
    Use: Potion            |       |     1 ||     1
 Armour: Scale mail        |   174 |     7 ||   181
         Chain mail        |       |    81 ||    81
  Dodge: Dodged            |    92 |    44 ||   136
  Block: Buckler           |    40 |    29 ||    69

Table legend: (Time is in decaauts)
 A = Elapsed time spent in this place.
 B = Non-inter-level travel time spent in this place.
 C = Inter-level travel time spent in this place.
 D = Time resting spent in this place.
 E = Time spent auto-exploring this place.
 F = Levels seen in this place.
 G = Mean time per level.
                   A        B        C        D        E       F      G
               +--------+--------+--------+--------+--------+-----+--------+
         Total |   2722 |   2602 |    120 |    321 |   1606 |   5 |  544.4 |
       Dungeon |   2722 |   2602 |    120 |    321 |   1606 |   5 |  544.4 |
               +--------+--------+--------+--------+--------+-----+--------+

Top non-repeatable levels by time:
     D:1: 914 daAuts
     D:2: 837 daAuts
     D:3: 625 daAuts
     D:5: 279 daAuts
     D:4: 65 daAuts
